 Dungeon Crawl Stone Soup version 0.24-a0-537-g2d01d4ab0a (webtiles) character file.

Game seed: 666233046761518571

3089 Kae the Spear-Bearer (level 9, -4/61 HPs)
             Began as a Merfolk Gladiator on Aug 14, 2019.
             Was a Follower of Makhleb.
             Slain by Erica
             ... wielding a +3 scimitar of flaming
              (7 damage)
             ... on level 8 of the Dungeon.
             The game lasted 00:10:07 (7715 turns).

Kae the Spear-Bearer (Merfolk Gladiator)            Turns: 7715, Time: 00:10:07

Health: -4/61      AC:  9    Str: 22    XL:     9   Next: 89%
Magic:  0/24       EV:  9    Int:  8    God:    Makhleb [*.....]
Gold:   263        SH:  6    Dex: 15    Spells: 8/8 levels left

rFire    . . .     SeeInvis .   a - +1 trident
rCold    . . .     Gourm    .   p - +1 buckler
rNeg     . . .     Faith    .   l - +0 chain mail
rPois    .         Spirit   +   i - +0 helmet
rElec    .         Reflect  .   v - scarf {Spirit}
rCorr    .         Harm     .   (no gloves)
MR       .....                  (no boots)
Stlth    ..........             (no amulet)
HPRegen  0.20/turn              e - +3 ring of slaying
MPRegen  0.19/turn              h - ring of magical power

@: mighty, marked
A: change form in water, swift swim, stealthy swim
a: Renounce Religion


You were on level 8 of the Dungeon.
You worshipped Makhleb.
Makhleb was aware of your devotion.
You were hungry.

You visited 2 branches of the dungeon, and saw 9 of its levels.

You collected 411 gold pieces.
You spent 148 gold pieces at shops.

Inventory:

Hand Weapons
 a - a +1 trident (weapon)
 C - a +3 battleaxe of venom
 D - a -3 demon trident
Missiles
 b - 5 boomerangs (quivered)
Armour
 c - a +0 helmet
 i - a +0 helmet (worn)
 l - a +0 chain mail (worn)
 p - a +1 buckler (worn)
 v - a scarf of spirit shield (worn)
Jewellery
 e - a +3 ring of slaying (left hand)
 h - a ring of magical power (right hand)
Wands
 k - a wand of flame (32)
 t - a wand of disintegration (9)
Scrolls
 g - 5 scrolls of identify
 j - 2 scrolls of magic mapping
 r - 4 scrolls of remove curse
 s - a scroll of enchant weapon
 w - a scroll of enchant armour
 y - a scroll of teleportation
Potions
 m - a potion of invisibility
 o - 5 potions of mutation
 q - a potion of cancellation
 z - 2 potions of brilliance
 B - 2 potions of flight
Comestibles
 f - 12 rations


   Skills:
 - Level 2.1 Fighting
 - Level 14.0 Polearms
 - Level 2.0 Throwing
 - Level 4.0 Dodging
 - Level 4.1 Shields
 + Level 8.8 Invocations


You had 8 spell levels left.
You didn't know any spells.
Your spell library contained the following spells:

 Spells                   Type           Power        Failure   Level  Hunger
 Beastly Appendage        Tmut           #.....       99%         1    ##.....
 Sticks to Snakes         Tmut           #.......     100%        2    ###....
 Spider Form              Tmut/Pois      #.........   100%        3    ####...
 Ice Form                 Ice/Tmut       #.......     100%        4    #####..
 Blade Hands              Tmut           #.........   100%        5    ######.


Dungeon Overview and Level Annotations

Branches:
Dungeon (8/15)             Temple (1/1) D:5
   Lair: D:8-11

Altars:
Ashenzari
Cheibriados
Dithmenos
Elyvilon
Fedhas
Gozag
Hepliaklqana
Kikubaaqudgha
Makhleb
Nemelex Xobeh
Okawaru
Qazlal
Ru
Sif Muna
Trog
Uskayaw
Vehumet
Wu Jian
Xom
Yredelemnul
Zin
The Shining One

Shops:
D:4 *   D:6 *

Annotations:
D:7 2 transporters, DavidChitty2's ghost, novice DrCj
D:8 Erica


Message History

The orc wizard gestures at you while chanting.
Something hits you.
* * * LOW HITPOINT WARNING * * *
Something burns you.
* * * LOW HITPOINT WARNING * * *
You closely miss something.
An orc comes into view. It is wielding a +0 club.
You barely miss something. Something hits you!
* * * LOW HITPOINT WARNING * * *
Something burns you.
* * * LOW HITPOINT WARNING * * *
Quiver which item? (- for none, * to show all) (? for menu, Esc to quit)
Okay, then.
Quiver which item? (- for none, * to show all) (? for menu, Esc to quit)
Okay, then.
You closely miss something.
The orc wizard gestures at you while chanting.
The magic dart hits something.
You closely miss something. Something hits you!
You die...

############.#.#...#
#...#.###
##########.#
#..........#
#.##########
#.###################
#.#.................#
#.#.###############.#
#.#.# #<@{oZ#####.#
#.#.# #####oooro..#
#...# ######### #.###
###


You could see an orc wizard, 4 orcs, an adder zombie and a quokka.

Vanquished Creatures
  Harold (D:8)
  A water moccasin (D:6)
  An ice beast (D:5)
  A sky beast (D:5)
  A hornet zombie (D:5)
  A centaur (D:6)
  2 ogres
  A bullfrog (D:6)
  A scorpion (D:7)
  6 killer bees (D:7)
  5 wights (D:7)
  A howler monkey (D:6)
  2 crimson imps (D:5)
  3 centaur zombies
  2 jellies
  4 orc priests
  3 hounds
  Ijyb (D:5)
  Jessica (D:2)
  2 iguanas
  8 orc wizards
  5 worker ants
  A killer bee zombie (D:5)
  A hound zombie (D:5)
  A hound skeleton (D:6)
  A howler monkey zombie (D:7)
  A worker ant zombie (D:7)
  A howler monkey skeleton (D:8)
  5 adders
  2 oozes
  2 adder skeletons
  3 dart slugs
  9 leopard geckos
  20 orcs
  6 giant cockroaches
  8 goblins
  6 hobgoblins
  9 jackals
  4 quokkas
  2 ball pythons (D:3)
  12 bats
  4 frilled lizards
  9 kobolds
  2 leopard gecko skeletons
  A quokka skeleton (D:6)
  2 rats
165 creatures vanquished.

Notes
Turn   | Place    | Note
-------+----------+-------------------------------------------
     0 | D:1      | Kae the Merfolk Gladiator began the quest for the Orb.
     0 | D:1      | Reached XP level 1. HP: 16/16 MP: 1/1
   201 | D:1      | Reached skill level 5 in Polearms
   202 | D:1      | Reached XP level 2. HP: 22/22 MP: 2/2
   619 | D:1      | Reached skill level 6 in Polearms
   619 | D:1      | Reached XP level 3. HP: 27/27 MP: 3/3
  1102 | D:2      | Noticed Jessica
  1114 | D:2      | Killed Jessica
  1114 | D:2      | Reached skill level 7 in Polearms
  1114 | D:2      | Reached XP level 4. HP: 33/33 MP: 4/4
  1765 | D:3      | Found a shimmering altar of Xom.
  1974 | D:3      | Reached skill level 1 in Shields
  1974 | D:3      | Reached XP level 5. HP: 35/38 MP: 5/5
  1997 | D:3      | Reached skill level 8 in Polearms
  2734 | D:4      | Reached XP level 6. HP: 39/44 MP: 6/6
  3059 | D:4      | Found Yfritewo's Assorted Antiques.
  3064 | D:4      | Bought a viscous yellow potion for 23 gold pieces
  3064 | D:4      | Bought a purple potion for 23 gold pieces
  3064 | D:4      | Bought a scroll labeled GEWKEIZUPS for 26 gold pieces
  3064 | D:4      | Bought a viscous yellow potion for 23 gold pieces
  3064 | D:4      | Bought a scroll of identify for 52 gold pieces
  3219 | D:4      | Reached skill level 9 in Polearms
  3629 | D:5      | Entered Level 5 of the Dungeon
  3633 | D:5      | Noticed Ijyb
  3633 | D:5      | Noticed a sky beast
  4215 | D:5      | Reached XP level 7. HP: 36/50 MP: 7/7
  4267 | D:5      | Reached skill level 10 in Polearms
  4666 | D:5      | Found a staircase to the Ecumenical Temple.
  4687 | D:5      | Killed Ijyb
  4697 | Temple   | Entered the Ecumenical Temple
  4777 | Temple   | Became a worshipper of Makhleb the Destroyer
  4842 | D:5      | Reached skill level 11 in Polearms
  5192 | D:5      | Reached XP level 8. HP: 28/56 MP: 8/8
  5553 | D:6      | Reached skill level 12 in Polearms
  5880 | D:6      | Reached skill level 13 in Polearms
  6249 | D:6      | Found Ficosory's Lightly-Used Armoury.
  6257 | D:6      | Bought a -3 demon trident for 1 gold piece
  6291 | D:6      | Found a glowing golden altar of the Shining One.
  6389 | D:7      | Reached skill level 14 in Polearms
  6392 | D:7      | Reached skill level 1 in Invocations
  6409 | D:7      | Reached * piety under Makhleb
  6409 | D:7      | Reached XP level 9. HP: 61/61 MP: 9/10
  6464 | D:7      | Reached skill level 5 in Invocations
  6985 | D:7      | Noticed DavidChitty2's ghost (novice DrCj)
  7057 | D:7      | Found a transporter.
  7150 | D:7      | Found a transporter.
  7167 | D:7      | Noticed a hornet
  7330 | D:7      | Identified a scroll of acquirement
  7451 | D:8      | Noticed Harold
  7466 | D:8      | Noticed Erica
  7489 | D:8      | HP: 2/61 [Harold/harpoon shot (11)]
  7697 | D:8      | Killed Harold
  7713 | D:8      | HP: 2/61 [something (2)]
  7715 | D:8      | Slain by Erica

Levels and vault maps discovered:
D:1:      minmay_arrival_jagged, layout_loops_ring,
          hangedman_decor_clover_reticule
D:2:      layout_basic, uniq_jessica
D:3:      layout_loops_ring, lemuel_crystal_altar, first_ration
D:4:      layout_loops_corners, serial_shops, shop, hangedman_minor_gate_pass
D:5:      layout_gridville, minmay_temple_entry_waves, uniq_ijyb
D:6:      layout_rooms, minmay_shop_damaged, wad_floor_pattern_untrapped,
          tso_altar
D:7:      layout_basic, gammafunk_ghost_hive, grunt_ogre_cave
D:8:      layout_basic, gammafunk_ghost_necromancy, uniq_erica, uniq_harold,
          uniq_grum
Temple:   grunt_wide_crystal_templ

Skill      XL: |  1  2  3  4  5  6  7  8  9 |
---------------+----------------------------+-----
Polearms       | 5 6 7 8 9 11 14 | 14.0
Shields        | 1 2 3 4 |  4.1
Invocations    | 2 8 |  8.8
Fighting       | |  2.1
Throwing       | |  2.0
Dodging        | |  4.0

Action                   |  1- 3 |  4- 6 |  7- 9 || total
-------------------------+-------+-------+-------++-------
Melee: Trident           |    86 |   217 |   338 ||   641
Throw: Throwing net      |       |       |     4 ||     4
Evoke: Wand              |       |       |     6 ||     6
  Use: Scroll            |       |    21 |     5 ||    26
       Potion            |       |     1 |     8 ||     9
 Stab: Sleeping          |     4 |       |       ||     4
       Distracted        |     1 |       |       ||     1
       Held in net/web   |       |       |     3 ||     3
  Eat: Chunk             |       |    10 |    11 ||    21
Armor: Leather armour    |    20 |    30 |       ||    50
       Chain mail        |       |    26 |    99 ||   125
Dodge: Dodged            |    59 |    82 |    84 ||   225
Block: Buckler           |       |    35 |    69 ||   104

Table legend:
 A = Non-vault XP
 B = Vault XP
 C = Vault XP percentage of total XP
 D = Non-vault monster count
 E = Vault monster count
 F = Vault count percentage of total count
                 A         B        C        D         E       F
            +---------+---------+-------+---------+---------+-------
      Total |    3180 |    1233 |  27.9 |     159 |       6 |   3.6
            +---------+---------+-------+---------+---------+-------
        D:1 |      36 |       0 |   0.0 |      22 |       0 |   0.0
        D:2 |      52 |      37 |  41.6 |      19 |       1 |   5.0
        D:3 |     181 |       0 |   0.0 |      32 |       0 |   0.0
        D:4 |      56 |      34 |  37.8 |      10 |       2 |  16.7
        D:5 |     845 |      39 |   4.4 |      23 |       1 |   4.2
        D:6 |     865 |       0 |   0.0 |      23 |       0 |   0.0
        D:7 |    1127 |     116 |   9.3 |      27 |       1 |   3.6
        D:8 |      18 |    1007 |  98.2 |       3 |       1 |  25.0
            +---------+---------+-------+---------+---------+-------
